SNL (28 & UNDER)
KEY WEST BARRACUDAS @ GAINESVILLE GUIDOS
06/20/2023
 
TOP OF THE 1ST
Key West Barracudas batting - Pitching for Gainesville Guidos : RHP Fernando Rodríguez
Pitching: RHP Fernando Rodríguez
Batting: RHB Luis Pineda 0-0: Foul Ball, location: 2F
0-1: Ball
1-1: Ball
2-1: Foul Ball, location: 2F
2-2: Foul Ball, location: 2F
2-2: Ball
3-2: Fly out, F9 (Flyball, 9LD)
Batting: SHB Patrick Larson 0-0: Ball
1-0: Swinging Strike
1-1: Foul Ball, location: 2F
1-2: Foul Ball, location: 2F
1-2: Foul Ball, location: 2F
1-2: Foul Ball, location: 2F
1-2: Strikes out swinging
Batting: RHB Zander Tremblett 0-0: Ball
1-0: Fly out, F8 (Flyball, 8LS)
Top of the 1st over - 0 run(s), 0 hit(s), 0 error(s), 0 left on base; Key West 0 - Gainesville 0
BOTTOM OF THE 1ST
Gainesville Guidos batting - Pitching for Key West Barracudas : RHP Michael Schultz
Pitching: RHP Michael Schultz
Batting: RHB Pedro Mata 0-0: Fly out, F8 (Flyball, 8LM)
Batting: RHB Victor Andrews 0-0: Foul Ball, location: 2F
0-1: Ball
1-1: Ball
2-1: Ball
3-1: Base on Balls
Batting: LHB Sergio Barrón Balk!
Victor Andrews to second
0-0: Fly out, F7 (Popup, 7S)
Batting: RHB José Fernández 0-0: Ball
1-0: Called Strike
1-1: Called Strike
1-2: Strikes out swinging
Bottom of the 1st over - 0 run(s), 0 hit(s), 0 error(s), 1 left on base; Key West 0 - Gainesville 0
TOP OF THE 2ND
Key West Barracudas batting - Pitching for Gainesville Guidos : RHP Fernando Rodríguez
Batting: RHB Carlos Miranda 0-0: Ball
1-0: Ball
2-0: Called Strike
2-1: Foul Ball, location: 2F
2-2: SINGLE (Line Drive, 56D)
Batting: RHB Luther Stoffels 0-0: Ball
1-0: Ball
2-0: Called Strike
2-1: Ball
3-1: Base on Balls
Carlos Miranda to second
Batting: LHB Jake Wells 0-0: Ball
1-0: Ball
2-0: Swinging Strike
2-1: Swinging Strike
2-2: Strikes out looking
Batting: RHB Kenny Cole 0-0: Ball
Carlos Miranda steals 3rd base
Luther Stoffels to second
1-0: Foul Ball, location: 2F
1-1: Swinging Strike
1-2: Foul Ball, location: 2F
1-2: Foul Ball, location: 2F
1-2: Strikes out swinging
Batting: RHB Alfredo Pineda 0-0: Fly out, F9 (Flyball, 9M)
Top of the 2nd over - 0 run(s), 1 hit(s), 0 error(s), 2 left on base; Key West 0 - Gainesville 0
BOTTOM OF THE 2ND
Gainesville Guidos batting - Pitching for Key West Barracudas : RHP Michael Schultz
Batting: LHB Ed Hart 0-0: Called Strike
0-1: Fly out, F7 (Flyball, 78D)
Batting: RHB Noriyori Ine 0-0: Foul Ball, location: 2F
0-1: Called Strike
0-2: Strikes out swinging
Batting: LHB António Hernández 0-0: Ball
1-0: Ball
2-0: Foul Ball, location: 2F
2-1: Ball
3-1: Ground out 4-3 (Groundball, 4)
Bottom of the 2nd over - 0 run(s), 0 hit(s), 0 error(s), 0 left on base; Key West 0 - Gainesville 0
TOP OF THE 3RD
Key West Barracudas batting - Pitching for Gainesville Guidos : RHP Fernando Rodríguez
Batting: RHB Dan Craft 0-0: Called Strike
0-1: Called Strike
0-2: Ball
1-2: Foul Ball, location: 2F
1-2: Ball
2-2: Foul Ball, location: 2F
2-2: Ball
3-2: Foul Ball, location: 2F
3-2: Foul Ball, location: 2F
3-2: Fly out, F6 (Line Drive, 6)
Batting: RHB Luis Pineda 0-0: Ball
1-0: Called Strike
1-1: Swinging Strike
1-2: Strikes out swinging
Batting: SHB Patrick Larson 0-0: Ball
1-0: Ball
2-0: Ground out 3-1 (Groundball, 3)
Top of the 3rd over - 0 run(s), 0 hit(s), 0 error(s), 0 left on base; Key West 0 - Gainesville 0
BOTTOM OF THE 3RD
Gainesville Guidos batting - Pitching for Key West Barracudas : RHP Michael Schultz
Batting: RHB Juan Carlos Alfonzo 0-0: Called Strike
0-1: Ball
1-1: Ball
2-1: Swinging Strike
2-2: Foul Ball, location: 2F
2-2: Ball
3-2: Strikes out looking
Batting: RHB José Ortega 0-0: Ball
1-0: Called Strike
1-1: Called Strike
1-2: Ground out 1-3 (Groundball, 15S)
Batting: RHB Pedro Mata 0-0: Swinging Strike
0-1: Swinging Strike
0-2: Fly out, F7 (Flyball, 7M)
Bottom of the 3rd over - 0 run(s), 0 hit(s), 0 error(s), 0 left on base; Key West 0 - Gainesville 0
TOP OF THE 4TH
Key West Barracudas batting - Pitching for Gainesville Guidos : RHP Fernando Rodríguez
Batting: RHB Zander Tremblett 0-0: Ball
1-0: Called Strike
1-1: Swinging Strike
1-2: Strikes out looking
Batting: RHB Carlos Miranda 0-0: Ball
1-0: Ball
2-0: Called Strike
2-1: Swinging Strike
2-2: Fly out, F3 (Popup, 3F)
Batting: RHB Luther Stoffels 0-0: Foul Ball, location: 2F
0-1: Ball
1-1: Ball
2-1: Called Strike
2-2: Strikes out looking
Top of the 4th over - 0 run(s), 0 hit(s), 0 error(s), 0 left on base; Key West 0 - Gainesville 0
BOTTOM OF THE 4TH
Gainesville Guidos batting - Pitching for Key West Barracudas : RHP Michael Schultz
Batting: RHB Victor Andrews 0-0: Foul Ball, location: 2F
0-1: Swinging Strike
0-2: Ball
1-2: Ball
2-2: Fly out, F7 (Flyball, 7M)
Batting: LHB Sergio Barrón 0-0: Hit by Pitch
Batting: RHB José Fernández 0-0: Ball
1-0: Foul Ball, location: 2F
1-1: Foul Ball, location: 2F
1-2: Foul Ball, location: 2F
1-2: Strikes out looking
Batting: LHB Ed Hart 0-0: Called Strike
0-1: Ball
1-1: Foul Ball, location: 2F
1-2: Ball
2-2: Ball
3-2: Fly out, F6 (Line Drive, 6)
Bottom of the 4th over - 0 run(s), 0 hit(s), 0 error(s), 1 left on base; Key West 0 - Gainesville 0
TOP OF THE 5TH
Key West Barracudas batting - Pitching for Gainesville Guidos : RHP Fernando Rodríguez
Batting: LHB Jake Wells 0-0: Ball
1-0: Ball
2-0: Ball
3-0: Base on Balls
Batting: RHB Kenny Cole 0-0: Called Strike
0-1: Foul Ball, location: 2F
0-2: Ball
1-2: Foul Ball, location: 2F
1-2: Strikes out swinging
Batting: RHB Alfredo Pineda 0-0: Called Strike
0-1: Fly out, F8 (Flyball, 8RM)
Batting: RHB Dan Craft 0-0: DOUBLE (Groundball, 5L)
Jake Wells to third
Runner from 3rd tries for Home, SAFE, no throw or cutoff
Batting: RHB Luis Pineda 0-0: Ball
1-0: Swinging Strike
1-1: Ball
2-1: Foul Ball, location: 2F
2-2: Ball
3-2: Base on Balls
Batting: SHB Patrick Larson 0-0: Foul Ball, location: 2F
0-1: Ball
1-1: Ball
2-1: Ground out 4-3 (Groundball, 34)
Top of the 5th over - 1 run(s), 1 hit(s), 0 error(s), 2 left on base; Key West 1 - Gainesville 0
BOTTOM OF THE 5TH
Gainesville Guidos batting - Pitching for Key West Barracudas : RHP Michael Schultz
Batting: RHB Noriyori Ine 0-0: Called Strike
0-1: Ground out 1-3 (Groundball, 23)
Batting: LHB António Hernández 0-0: Foul Ball, location: 2F
0-1: Ball
1-1: Bunt for hit - play at first, batter OUT! 1-3
Batting: RHB Juan Carlos Alfonzo 0-0: Called Strike
0-1: Ball
1-1: Ball
2-1: Ball
3-1: Called Strike
3-2: Strikes out swinging
Bottom of the 5th over - 0 run(s), 0 hit(s), 0 error(s), 0 left on base; Key West 1 - Gainesville 0
TOP OF THE 6TH
Key West Barracudas batting - Pitching for Gainesville Guidos : RHP Fernando Rodríguez
Pitching: LHP Mike Scott
Batting: RHB Zander Tremblett 0-0: Ball
1-0: Foul Ball, location: 2F
1-1: Foul Ball, location: 2F
1-2: Ball
2-2: Strikes out swinging
Batting: RHB Carlos Miranda 0-0: Called Strike
0-1: Foul Ball, location: 2F
0-2: Ball
1-2: Strikes out swinging
Batting: RHB Luther Stoffels 0-0: Ground out U3 (Groundball, 3)
Top of the 6th over - 0 run(s), 0 hit(s), 0 error(s), 0 left on base; Key West 1 - Gainesville 0
BOTTOM OF THE 6TH
Gainesville Guidos batting - Pitching for Key West Barracudas : RHP Michael Schultz
Batting: RHB José Ortega 0-0: Ball
1-0: Fly out, F9 (Flyball, 9M)
Batting: RHB Pedro Mata 0-0: Called Strike
0-1: Called Strike
0-2: Foul Ball, location: 2F
0-2: Fly out, F7 (Flyball, 78M)
Pitching: RHP José García
Batting: RHB Victor Andrews 0-0: Ball
1-0: Ball
2-0: Ball
3-0: Called Strike
3-1: Called Strike
3-2: Fly out, F8 (Flyball, 8RXD)
Bottom of the 6th over - 0 run(s), 0 hit(s), 0 error(s), 0 left on base; Key West 1 - Gainesville 0
TOP OF THE 7TH
Key West Barracudas batting - Pitching for Gainesville Guidos : LHP Mike Scott
Batting: LHB Jake Wells 0-0: Called Strike
0-1: Ball
1-1: Called Strike
1-2: Strikes out swinging
Batting: RHB Kenny Cole 0-0: Called Strike
0-1: Ball
1-1: Ball
2-1: Ball
3-1: Foul Ball, location: 2F
3-2: SINGLE (Line Drive, 3)
Batting: RHB Alfredo Pineda 0-0: Ball
1-0: Ball
2-0: Called Strike
2-1: Ball
3-1: Called Strike
3-2: SINGLE (Groundball, 34D) (infield hit)
Kenny Cole to second
Batting: RHB Dan Craft 0-0: Foul Ball, location: 2F
0-1: Ball
1-1: Foul Ball, location: 2F
1-2: Strikes out swinging
Pitching: RHP Juan Patino
Pinch Hitting: LHB Arturo López 0-0: Swinging Strike
0-1: Foul Ball, location: 2F
0-2: Ball
1-2: Ball
2-2: Strikes out swinging
Top of the 7th over - 0 run(s), 2 hit(s), 0 error(s), 2 left on base; Key West 1 - Gainesville 0
BOTTOM OF THE 7TH
Gainesville Guidos batting - Pitching for Key West Barracudas : RHP José García
Pitching: LHP Lynn White
Now at SS: Rodney Birling
Batting: LHB Sergio Barrón 0-0: Called Strike
0-1: Fly out, F6 (Line Drive, 6D)
Batting: RHB José Fernández 0-0: Called Strike
0-1: Swinging Strike
0-2: Foul Ball, location: 2F
0-2: Strikes out swinging
Pitching: RHP Tom Clement
Batting: LHB Ed Hart 0-0: Ball
1-0: SINGLE (Line Drive, 5D)
Pinch Hitting: LHB David Murphy 0-0: Fly out, F7 (Flyball, 78D)
Bottom of the 7th over - 0 run(s), 1 hit(s), 0 error(s), 1 left on base; Key West 1 - Gainesville 0
TOP OF THE 8TH
Key West Barracudas batting - Pitching for Gainesville Guidos : RHP Juan Patino
Now in LF: David Murphy
Batting: SHB Patrick Larson 0-0: Foul Ball, location: 2F
0-1: Ball
1-1: Swinging Strike
1-2: Strikes out swinging
Batting: RHB Zander Tremblett 0-0: Ground out 1-3 (Groundball, 25)
Batting: RHB Carlos Miranda 0-0: SINGLE (Flyball, 8RS)
Pinch Hitting: LHB Dillon Beck 0-0: DOUBLE (Flyball, 8RXD)
Carlos Miranda to third
Runner from 3rd tries for Home, throw and OUT!
Top of the 8th over - 0 run(s), 2 hit(s), 0 error(s), 1 left on base; Key West 1 - Gainesville 0
BOTTOM OF THE 8TH
Gainesville Guidos batting - Pitching for Key West Barracudas : RHP Tom Clement
Pitching: LHP Jaime Ayala
Now in LF: Dillon Beck
Batting: LHB António Hernández 0-0: Called Strike
0-1: Foul Ball, location: 2F
0-2: Ground out 4-3 (Groundball, 4)
Batting: RHB Juan Carlos Alfonzo 0-0: Foul Ball, location: 2F
0-1: Swinging Strike
0-2: Strikes out looking
Batting: RHB José Ortega 0-0: Swinging Strike
0-1: Called Strike
0-2: Ball
1-2: Strikes out swinging
Bottom of the 8th over - 0 run(s), 0 hit(s), 0 error(s), 0 left on base; Key West 1 - Gainesville 0
TOP OF THE 9TH
Key West Barracudas batting - Pitching for Gainesville Guidos : RHP Juan Patino
Pitching: LHP Luis López
Batting: LHB Jake Wells 0-0: SINGLE (Groundball, 34)
Batting: RHB Kenny Cole 0-0: Sac Bunt - play at second, runner OUT! 1-6
Batting: RHB Alfredo Pineda 0-0: Ball
1-0: Ball
2-0: Called Strike
2-1: Called Strike
2-2: Ball
3-2: Ground out 4-3 (Groundball, 4M)
Kenny Cole to second
Batting: RHB Dan Craft 0-0: Ground out 1-3 (Groundball, 13S)
Top of the 9th over - 0 run(s), 1 hit(s), 0 error(s), 1 left on base; Key West 1 - Gainesville 0
BOTTOM OF THE 9TH
Gainesville Guidos batting - Pitching for Key West Barracudas : LHP Jaime Ayala
Pitching: RHP Charlie Alexander
Pinch Hitting: LHB Marcos Villarreal 0-0: Foul Ball, location: 2F
0-1: DOUBLE (Line Drive, 78M)
Batting: RHB Victor Andrews 0-0: DOUBLE (Line Drive, 5L)
Marcos Villarreal scores
Batting: LHB Sergio Barrón 0-0: Called Strike
0-1: Ball
1-1: Fly out, F8 (Popup, 8RS)
Batting: RHB José Fernández 0-0: Ball
1-0: Ball
2-0: Swinging Strike
2-1: Ball
3-1: Base on Balls
Batting: LHB Ed Hart 0-0: Called Strike
0-1: Foul Ball, location: 2F
0-2: Strikes out swinging
Batting: LHB David Murphy 0-0: Foul Ball, location: 2F
0-1: Ball
1-1: Foul Ball, location: 2F
1-2: Ball
2-2: Strikes out swinging
Bottom of the 9th over - 1 run(s), 2 hit(s), 0 error(s), 2 left on base; Key West 1 - Gainesville 1
TOP OF THE 10TH
Key West Barracudas batting - Pitching for Gainesville Guidos : LHP Luis López
Now in CF: Reynaldo Gallegos
Pinch Hitting: RHB Ramiro Gámez 0-0: Ground out 6-3 (Groundball, 6)
Batting: SHB Patrick Larson 0-0: Ball
1-0: Ground out 4-3 (Groundball, 4)
Batting: RHB Zander Tremblett 0-0: Called Strike
0-1: Ground out 6-3 (Groundball, 6)
Top of the 10th over - 0 run(s), 0 hit(s), 0 error(s), 0 left on base; Key West 1 - Gainesville 1
BOTTOM OF THE 10TH
Gainesville Guidos batting - Pitching for Key West Barracudas : RHP Charlie Alexander
Now at 3B: Ramiro Gámez
Batting: LHB António Hernández 0-0: Called Strike
0-1: Swinging Strike
0-2: Ball
1-2: Ball
2-2: Strikes out swinging
Pinch Hitting: RHB Satoru Daikawa 0-0: Called Strike
0-1: Foul Ball, location: 2F
0-2: Ball
1-2: Ball
2-2: Strikes out looking
Batting: RHB José Ortega 0-0: Ball
1-0: Ball
2-0: Ground out 4-3 (Groundball, 4M)
Bottom of the 10th over - 0 run(s), 0 hit(s), 0 error(s), 0 left on base; Key West 1 - Gainesville 1
TOP OF THE 11TH
Key West Barracudas batting - Pitching for Gainesville Guidos : LHP Luis López
Pitching: RHP Lance Sanders
Now at SS: Fernando Mendoza
Pinch Hitting: LHB Víctor Acevedo 0-0: Ball
1-0: Ball
2-0: SINGLE (Line Drive, 56)
Batting: LHB Dillon Beck 0-0: Ball
1-0: Ball
2-0: Ball
3-0: Called Strike
3-1: Called Strike
3-2: Foul Ball, location: 2F
3-2: Strikes out swinging
Batting: LHB Jake Wells 0-0: Ball
Víctor Acevedo is caught stealing 2nd base
1-0: Foul Ball, location: 2F
1-1: SINGLE (Groundball, 34D)
Batting: RHB Kenny Cole 0-0: Called Strike
0-1: Ground out 5-3 (Groundball, 56)
Top of the 11th over - 0 run(s), 2 hit(s), 0 error(s), 1 left on base; Key West 1 - Gainesville 1
BOTTOM OF THE 11TH
Gainesville Guidos batting - Pitching for Key West Barracudas : RHP Charlie Alexander
Pitching: RHP Steven O'Brien
Now in CF: Víctor Acevedo
Batting: SHB Reynaldo Gallegos 0-0: Ball
1-0: Fly out, F4 (Line Drive, 34)
Batting: RHB Victor Andrews 0-0: Called Strike
0-1: Hit by Pitch
Batting: LHB Sergio Barrón 0-0: Called Strike
0-1: Grounds into double play, 4-6-3 (Groundball, 34)
Bottom of the 11th over - 0 run(s), 0 hit(s), 0 error(s), 0 left on base; Key West 1 - Gainesville 1
TOP OF THE 12TH
Key West Barracudas batting - Pitching for Gainesville Guidos : RHP Lance Sanders
Pinch Hitting: LHB Daniel Byrd 0-0: SINGLE (Groundball, 34D)
Batting: RHB Dan Craft 0-0: Sac Bunt - play at first, batter OUT! 1-4
Daniel Byrd to second
Batting: RHB Ramiro Gámez 0-0: Ground out U3 (Groundball, 3)
Daniel Byrd to third
Batting: SHB Patrick Larson 0-0: Called Strike
0-1: Fly out, F8 (Flyball, 8LD)
Top of the 12th over - 0 run(s), 1 hit(s), 0 error(s), 1 left on base; Key West 1 - Gainesville 1
BOTTOM OF THE 12TH
Gainesville Guidos batting - Pitching for Key West Barracudas : RHP Steven O'Brien
Now at 2B: Héctor Jiménez
Batting: RHB José Fernández 0-0: Ball
1-0: Foul Ball, location: 2F
1-1: Called Strike
1-2: Ground out 5-3 (Groundball, 5S)
Batting: LHB Ed Hart 0-0: Ball
1-0: Swinging Strike
1-1: Foul Ball, location: 2F
1-2: Foul Ball, location: 2F
1-2: Strikes out swinging
Batting: LHB David Murphy 0-0: Swinging Strike
0-1: Ball
1-1: Ball
2-1: Ground out 4-3 (Groundball, 4)
Bottom of the 12th over - 0 run(s), 0 hit(s), 0 error(s), 0 left on base; Key West 1 - Gainesville 1
TOP OF THE 13TH
Key West Barracudas batting - Pitching for Gainesville Guidos : RHP Lance Sanders
Batting: RHB Zander Tremblett 0-0: Ball
1-0: Foul Ball, location: 2F
1-1: Ball
2-1: SINGLE (Line Drive, 4)
Batting: LHB Víctor Acevedo 0-0: Called Strike
0-1: Ball
1-1: Ball
2-1: Ball
3-1: Base on Balls
Zander Tremblett to second
Batting: LHB Dillon Beck 0-0: SINGLE (Groundball, 34D)
Zander Tremblett to third
Víctor Acevedo to second
Batting: LHB Jake Wells 0-0: Called Strike
0-1: Ball
1-1: Grounds into fielders choice 3-2 (Groundball, 3S)
Víctor Acevedo to third
Dillon Beck to second
Batting: RHB Kenny Cole 0-0: Ball
1-0: Ball
2-0: Grounds into fielders choice 6-2 (Groundball, 6M)
Dillon Beck to third
Jake Wells to second
Batting: SHB Héctor Jiménez 0-0: Called Strike
0-1: SINGLE (Flyball, 78M)
Dillon Beck scores
Jake Wells to third
Kenny Cole to second
Runner from 3rd tries for Home, SAFE, no throw or cutoff
Pitching: RHP Marlon Ryan
Batting: RHB Dan Craft 0-0: Fly out, F8 (Line Drive, 8LS)
Top of the 13th over - 2 run(s), 3 hit(s), 0 error(s), 2 left on base; Key West 3 - Gainesville 1
BOTTOM OF THE 13TH
Gainesville Guidos batting - Pitching for Key West Barracudas : RHP Steven O'Brien
Batting: LHB António Hernández 0-0: Swinging Strike
0-1: Swinging Strike
0-2: Ball
1-2: Ball
2-2: Ball
3-2: Strikes out swinging
Batting: RHB Fernando Mendoza 0-0: Foul Ball, location: 2F
0-1: Swinging Strike
0-2: Strikes out looking
Batting: RHB José Ortega 0-0: Ball
1-0: Ball
2-0: Ball
3-0: Called Strike
3-1: Called Strike
3-2: Base on Balls
Batting: SHB Reynaldo Gallegos 0-0: Foul Ball, location: 2F
0-1: Ball
1-1: Ball
2-1: Ball
3-1: Called Strike
3-2: Foul Ball, location: 2F
3-2: Base on Balls
José Ortega to second
Batting: RHB Victor Andrews 0-0: Called Strike
0-1: Ball
1-1: Ball
2-1: SINGLE (Line Drive, 89M)
José Ortega to third
Reynaldo Gallegos to second
Runner from 3rd tries for Home, SAFE, no throw or cutoff
Batting: LHB Sergio Barrón 0-0: Fielders Choice at 2nd, U6 (Groundball, 6M)
Bottom of the 13th over - 1 run(s), 1 hit(s), 0 error(s), 2 left on base; Key West 3 - Gainesville 2
This league is powered by Out of the Park Baseball, the baseball management simulation game for PC, Mac and Linux
Wednesday, December 2nd, 2015 - OOTP Baseball 16.8 Build 38